 Dungeon Crawl Stone Soup version 0.17.0-22-g5edae84 (webtiles) character file.

578 Peloso the Covered (level 7, -2/61 HPs)
             Began as a Minotaur Fighter on Nov 13, 2015.
             Was an Initiate of Okawaru.
             Splashed by a jelly's acid (9 damage)
             ... on level 5 of the Dungeon.
             The game lasted 00:09:47 (2827 turns).

Peloso the Covered (Minotaur Fighter)               Turns: 2827, Time: 00:09:48

Health: -2/61      AC: -2    Str: 24    XL:     7   Next: 13%
Magic:  6/6        EV:  9    Int:  0    God:    Okawaru [......]
Gold:   169        SH: 10    Dex: 11    Spells: 0 memorised, 6 levels left

rFire  x . .     SeeInvis +     z - +0 falchion (holy)
rCold  + . .     Clarity  .     b - +0 scale mail
rNeg   . . .     SustAt   .     c - +0 shield
rPois  .         Gourm    .     F - +2 hat
rElec  .         Spirit   .     (no cloak)
rCorr  .         Warding  .     (no gloves)
rMut   .         Stasis   .     (no boots)
MR     +....                    (no amulet)
Stlth  ..........               E - ring of Pitu {Ice MR+ Str+3 Int-5}
                                q - ring of see invisible

@: lethally poisoned (-2 -> -7), corroded equipment, slowed, lost intelligence,
very slow, somewhat resistant to hostile enchantments, extremely unstealthy
A: retaliatory headbutt, horns 2
a: Renounce Religion


You were on level 5 of the Dungeon.
You worshipped Okawaru.
Okawaru was noncommittal.
You were very hungry.

You visited 2 branches of the dungeon, and saw 6 of its levels.

You collected 169 gold pieces.

Inventory:

Hand Weapons
 a - a +0 long sword
 z - a +0 falchion of holy wrath (weapon)
Armour
 b - a +0 scale mail (worn)
 c - a +0 shield (worn)
 F - a +2 hat (worn)
Jewellery
 q - a ring of see invisible (left hand)
 v - an uncursed ring of wizardry
 E - the ring of Pitu (right hand) {Ice MR+ Str+3 Int-5}
   (You found it on level 4 of the Dungeon)

   [ring of ice]

   It enhances your ice magic, and weakens your fire magic.
   It affects your strength (+3).
   It affects your intelligence (-5).
   It makes you vulnerable to fire.
   It protects you from cold.
   It affects your resistance to hostile enchantments.
Scrolls
 g - 3 scrolls of enchant weapon {unknown}
 h - 4 scrolls of amnesia {unknown}
 k - a scroll of remove curse {unknown}
 l - 2 scrolls of immolation {unknown}
 m - 2 scrolls of fear {unknown}
 n - a scroll of fog {unknown}
 t - a scroll of noise {unknown}
 y - a scroll of teleportation {unknown}
 A - 2 scrolls of random uselessness {unknown}
 C - a scroll of identify {unknown}
Potions
 d - a potion of might
 f - a potion of heal wounds {unknown}
 i - 3 potions of haste {unknown}
 j - 2 potions of curing
 o - a potion of cure mutation {unknown}
 p - 2 potions of degeneration {unknown}
 s - a potion of invisibility
 u - 2 potions of resistance {unknown}
 w - 2 potions of ambrosia {unknown}
 x - 3 potions of agility {unknown}
 B - a potion of cancellation {unknown}
Comestibles
 e - 3 bread rations
 r - a slice of pizza
 D - 3 meat rations


   Skills:
 + Level 5.4 Fighting
 + Level 3.7 Long Blades
 + Level 6.3 Armour
 + Level 2.9 Dodging
 + Level 0.3 Stealth
 + Level 5.6 Shields


You had 6 spell levels left.
You didn't know any spells.

Dungeon Overview and Level Annotations

Branches:
Dungeon (5/15)             Temple (1/1) D:4

Altars:
Ashenzari
Dithmenos
Fedhas
Gozag
Kikubaaqudgha
Makhleb
Okawaru
Qazlal
Ru
Trog
Vehumet
Xom
Yredelemnul


Innate Abilities, Weirdness & Mutations

You reflexively headbutt those who attack you in melee.
You have a pair of horns on your head.


Message History

Unknown command.
You hit the jelly. The acid corrodes you!
Your hands burn!
You headbutt the jelly.
The jelly is heavily wounded.
You feel sick. The jelly closely misses you. The jelly barely misses you.
You hit the jelly.
Your hands burn!
The jelly is heavily wounded.
You feel sick. The jelly hits you.
* * * LOW HITPOINT WARNING * * *
You are splashed with acid!
The acid burns!
* * * LOW HITPOINT WARNING * * *
The jelly barely misses you.
You hit the jelly but do no damage. The acid corrodes you!
Your hands burn!
* * * LOW HITPOINT WARNING * * *
You headbutt the jelly.
The jelly is heavily wounded.
You feel sick. You block the jelly's attack. The jelly hits you.
* * * LOW HITPOINT WARNING * * *
You are splashed with acid!
The acid burns!
You die...

... ..[###
....### .
#.....# #..
#.....####.
#..##..........
#..........#
#..@.<..(#
##.#J#.#...
#.#...#
#.......#
#####.#.... ..
... ... .. ...
. #...


You could see a jelly.

Vanquished Creatures
  Grinder (D:3)
  Menkaure (D:4)
  A giant frog skeleton (D:4)
  A worker ant (D:5)
  A hound (D:4)
  An iguana (D:5)
  6 adders
  5 worms
  2 adder skeletons
  2 giant geckos
  5 orcs
  5 giant cockroaches
  11 goblins
  7 hobgoblins
  6 jackals
  3 kobolds
  4 quokkas
  8 bats
  6 giant newts
  5 rats
81 creatures vanquished.

Notes
Turn   | Place    | Note
--------------------------------------------------------------
     0 | D:1      | Peloso the Minotaur Fighter began the quest for the Orb.
     0 | D:1      | Reached XP level 1. HP: 19/19 MP: 0/0
    53 | D:1      | Found a shattered altar of Ashenzari.
   182 | D:1      | Reached XP level 2. HP: 25/27 MP: 1/1
   193 | D:1      | Reached skill level 4 in Fighting
   754 | D:2      | Reached XP level 3. HP: 28/33 MP: 2/2
   979 | D:2      | Found a faded altar to an unknown god.
   992 | D:2      | Became a worshipper of Gozag Ym Sagoz the Greedy
   992 | D:2      | Fell from the grace of Gozag
  1342 | D:3      | Reached XP level 4. HP: 25/41 MP: 3/3
  1415 | D:3      | Noticed Grinder
  1422 | D:3      | Paralysed by Grinder for 7 turns
  1435 | D:3      | Killed Grinder
  1435 | D:3      | Was forgiven by Gozag
  1435 | D:3      | Reached skill level 5 in Armour
  1435 | D:3      | Reached skill level 5 in Shields
  1435 | D:3      | Reached XP level 5. HP: 16/47 MP: 4/4
  1435 | D:3      | Reached XP level 6. HP: 18/53 MP: 5/5
  2086 | D:4      | Reached skill level 5 in Fighting
  2096 | D:4      | Found a staircase to the Ecumenical Temple.
  2102 | Temple   | Entered the Ecumenical Temple
  2127 | Temple   | Became a worshipper of Warmaster Okawaru
  2272 | D:4      | Noticed Menkaure
  2279 | D:4      | Killed Menkaure
  2279 | D:4      | Reached skill level 6 in Armour
  2282 | D:4      | Got a smoking bone ring
  2284 | D:4      | Lost intelligence.
  2284 | D:4      | Identified the ring of Pitu {Ice MR+ Str+3 Int-5} (You found it on level 4 of the Dungeon)
  2542 | D:4      | Found a shimmering altar of Xom.
  2545 | D:4      | Found a stormy altar of Qazlal.
  2545 | D:4      | Found a radiant altar of Vehumet.
  2548 | D:4      | Found a bloodstained altar of Trog.
  2553 | D:4      | Reached XP level 7. HP: 59/61 MP: 6/6
  2817 | D:5      | Entered Level 5 of the Dungeon
  2827 | D:5      | Splashed by a jelly's acid

Action                   |  1- 3 |  4- 6 |  7- 9 || total
-------------------------+-------+-------+-------++-------
Melee: Long sword        |    66 |       |       ||    66
       Falchion          |    29 |    91 |    16 ||   136
Invok: Renounce Religion |     1 |       |       ||     1
  Use: Potion            |       |     2 |       ||     2
  Eat: Chunk             |     1 |     4 |     1 ||     6
